AoeStats
← DS_Kvothe

Arena

510194922Analyzed
1v1 RM · 2d ago on Sep 29, 2026· 32m 36s· 2 players
Game mode
Random Map
Map size
Tiny (2 player)
Population
200
Speed
Normal
Resources
Standard
Victory
Conquest
Starting age
Dark Age
Ending age
Imperial Age
RankedLock teamsTeams togetherTeam positionsShared explorationLock speedFull tech treeHidden civsTurbo modeCheats
Victory
Defeat
🇩🇪 Burgundians · Germany
1935
+16
🇦🇷 Vikings · Argentina
1937
-16
Pauliii
3:49 Double-Bit Axe
6:37 Horse Collar
10:58 Feudal Age
11:30 Wheelbarrow
14:42 Castle Age
13:39 Heavy Plow
14:23 Bow Saw
24:54 Loom
28:42 Imperial Age
26:36 Gold Mining
27:05 Town Watch
27:52 Forging
28:29 Fletching
29:24 Bodkin Arrow
31:36 Conscription
31:56 Scale Barding Armor
DS_Kvothe
11:09 Feudal Age
14:35 Castle Age
12:47 Double-Bit Axe
13:11 Horse Collar
15:28 Light Cavalry
18:09 Forging
19:34 Loom
22:31 Squires
22:33 Scale Mail Armor
23:26 Iron Casting
23:01 Gold Mining
23:22 Bow Saw
23:13 Heavy Plow
25:08 Arson
29:40 Imperial Age
27:31 Chain Mail Armor
27:12 Fletching
31:48 Masonry
Connection lost

Rejoining the realm…

Still unreachable

The connection could not be restored.

Session expired

The server has moved on; the page needs a fresh start.